 Dungeon Crawl Stone Soup version 0.27.1-1-g398f81649c (webtiles) character file.

Game seed: 4577784343890632634

142 Devinter the Sneak (level 5, -2/31 HPs)
             Began as an Octopode Hedge Wizard on Sept 10, 2021.
             Was an Initiate of Ashenzari.
             Slain by a black bear (3 damage)
             ... on level 4 of the Dungeon.
             The game lasted 00:20:59 (2808 turns).

Devinter the Sneak (Octopode Hedge Wizard)          Turns: 2808, Time: 00:21:00

Health: -2/31      AC:  1    Str: 10    XL:     5   Next: 25%
Magic:  7/9        EV: 13    Int: 16    God:    Ashenzari [......]
Gold:   146        SH:  0    Dex: 12    Spells: 5/10 levels left

rFire    . . .     SeeInvis .   a - +0 dagger
rCold    . . .     Faith    .   (no shield)
rNeg     . . .     Spirit   .   b - +0 hat
rPois    .         Reflect  .   (no amulet)
rElec    .         Harm     .   (no ring)
rCorr    .         Rampage  .   (no ring)
Will     .....                  (no ring)
Stlth    ++++......             (no ring)
HPRegen  0.10/turn              (no ring)
MPRegen  0.11/turn              (no ring)
                                (no ring)
                                (no ring)

@: no status effects
A: almost no armour, amphibious, 8 rings, camouflage 1, gelatinous body 1,
(nimble swimmer 1), tentacles
a: Renounce Religion


You were on level 4 of the Dungeon.
You worshipped Ashenzari.
Ashenzari was noncommittal.
You visited 1 branch of the dungeon, and saw 4 of its levels.

You collected 146 gold pieces.

Inventory:

Hand Weapons
 a - a +0 dagger (weapon)
 f - a +0 rapier
 l - a +0 bardiche
 r - a +0 long sword
Missiles
 i - 32 arrows
 t - 13 poisoned darts
Armour
 b - a +0 hat (worn)
Wands
 s - a wand of iceblast (8)
Scrolls
 d - 4 scrolls of identify
 e - 3 scrolls of immolation
 g - 3 scrolls of teleportation
 h - 2 scrolls of magic mapping
 m - a scroll of blinking
 n - a scroll of vulnerability
 o - a scroll of brand weapon
 p - 2 scrolls of amnesia
 u - a scroll of holy word
Potions
 c - 5 potions of brilliance
 j - a potion of invisibility
 k - a potion of attraction
 q - a potion of degeneration
 v - a potion of lignification


   Skills:
 + Level 3.0 Dodging
 - Level 5.0 Stealth
 - Level 3.0 Spellcasting
 + Level 1.9 Conjurations
 + Level 1.9 Summonings
 + Level 1.9 Translocations


You had 5 spell levels left.
You knew the following spells:

 Your Spells              Type           Power      Damage    Failure   Level
a - Magic Dart            Conj           32%        1d4       9%          1
b - Blink                 Tloc           N/A        N/A       13%         2
c - Call Imp              Summ           8%         N/A       13%         2

Your spell library contained the following spells:

 Spells                   Type           Power      Damage    Failure   Level
 Slow                     Hex            2%         N/A       28%         2
 Conjure Flame            Conj/Fire      5%         6-21      36%         3
 Mephitic Cloud           Conj/Pois/Air  4%         N/A       41%         3


Dungeon Overview and Level Annotations

Branches:
Dungeon (4/15)
 Temple: D:4-7

Altars:
Ashenzari
Uskayaw
Yredelemnul

Annotations:
D:3 3 runed translucent doors, YellowTheWhite's ghost, amateur DgFi


Innate Abilities, Weirdness & Mutations

You cannot wear most types of armour.
You are amphibious.
You can wear up to eight rings at the same time.
Your skin changes colour to match your surroundings (Stealth+).
Your rubbery body absorbs attacks. (AC +1, EV +1)
((You are camouflaged near water. (Stealth+)))
You have tentacles for arms and can constrict up to eight enemies at once.


Message History

p - 2 scrolls of amnesia;
q - a potion of degeneration
u - a scroll of holy word;
v - a potion of lignification Ashenzari warns you of distant threats and treasures.
Ashenzari reveals the structure of the dungeon to you.
Ashenzari shows you where magical portals lie.
Ashenzari prevents you from stumbling into unseen traps.
Ashenzari identifies your possessions.
There is an open door here.
A jelly comes into view.
Found a club.
A black bear and a kobold come into view.
A scorpion comes into view.
The helpless black bear fails to defend itself.
You puncture the black bear! You grab the black bear.
The black bear is heavily wounded.
You constrict the black bear, but do no damage.
The black bear bites you. The black bear claws you.
The black bear closely misses you.
You hit the black bear.
The black bear is severely wounded.
You constrict the black bear. The black bear misses you.
The black bear claws you but does no damage.
The black bear claws you.
You hit the black bear but do no damage.
The black bear is severely wounded.
You constrict the black bear.
The black bear goes berserk!
You hit the black bear.
The black bear is almost dead.
You constrict the black bear.
The kobold shouts!
The black bear bites you! The black bear claws you.
* * * LOW HITPOINT WARNING * * *
The black bear claws you.
* * * LOW HITPOINT WARNING * * *
Casting: Magic Dart (safe; 9% risk of failure)
Confirm with . or Enter, or press ? or * to list all spells.
You blink.
You constrict the black bear. The black bear bites you!
* * * LOW HITPOINT WARNING * * *
The black bear claws you.
* * * LOW HITPOINT WARNING * * *
The black bear claws you but does no damage.
The scorpion barely misses you. The black bear misses you.
The black bear claws you.
You die...

≈≈ ###.# ♣♣ ≈.#.... .#
#.# #.#.#.### ..# #.#
#.......##.# #.#
##........$.#
######.###...........#
..............###....#
......s@.....[#_#....#
.#####h###.[..#'#....#
..####§########.######
..K.J......b.##..#.#
..).###.####.##..#.#
#. #.# #....##.#
..####b.##...#
............###
...#####..#..###


You could see a black bear (berserk) and a scorpion.

Vanquished Creatures
  A phantom (D:3)
  3 adders
  An ufetubus (D:4)
  2 dart slugs
  4 bats
  6 endoplasms
  4 goblins
  2 hobgoblins
  6 kobolds
  A quokka (D:3)
  3 ball pythons
  3 frilled lizards
  4 rats
40 creatures vanquished.

Vanquished Creatures (collateral kills)
  Ijyb (D:3)
  An adder (D:3)
  4 ball pythons (D:3)
6 creatures vanquished.

Vanquished Creatures (others)
  3 fungi (D:3)
  A plant (D:3)
4 creatures vanquished.

Grand Total: 50 creatures vanquished

Notes
Turn   | Place    | Note
-------+----------+-------------------------------------------
     0 | D:1      | Devinter the Octopode Hedge Wizard began the quest for the
                  | Orb.
     0 | D:1      | Reached XP level 1. HP: 11/11 MP: 4/4
    72 | D:1      | Reached skill level 3 in Stealth
   257 | D:1      | Reached XP level 2. HP: 17/17 MP: 0/6
   264 | D:1      | Reached skill level 4 in Stealth
   267 | D:1      | Learned a level 2 spell: Blink
   270 | D:1      | Learned a level 2 spell: Call Imp
   957 | D:2      | Reached skill level 5 in Stealth
   957 | D:2      | Reached XP level 3. HP: 8/21 MP: 0/7
  1844 | D:3      | Noticed a phantom
  1900 | D:3      | Found a runed translucent gate.
  1900 | D:3      | Found a runed translucent gate.
  1900 | D:3      | Found a runed translucent gate.
  1995 | D:3      | Killed a phantom
  1996 | D:3      | Reached XP level 4. HP: 27/27 MP: 0/8
  2218 | D:3      | Noticed YellowTheWhite's ghost (amateur DgFi)
  2240 | D:3      | Noticed Ijyb
  2255 | D:3      | Killed Ijyb
  2256 | D:3      | Reached skill level 3 in Dodging
  2256 | D:3      | Reached XP level 5. HP: 21/31 MP: 2/9
  2393 | D:3      | Noticed a kobold brigand
  2492 | D:4      | Found a basalt altar of Yredelemnul.
  2498 | D:4      | Found a hide-covered altar of Uskayaw.
  2787 | D:4      | Found a broken altar of Ashenzari.
  2790 | D:4      | Became a worshipper of Ashenzari the Shackled
  2802 | D:4      | Noticed a black bear
  2808 | D:4      | HP: 3/31 [black bear (8)]
  2808 | D:4      | HP: 1/31 [black bear (2)]
  2808 | D:4      | Slain by a black bear

Illustrated notes

Levels and vault maps discovered:
D:1:      dpeg_arrival_long_road, layout_loops_ring, minmay_misc_feat_columns,
          kennysheep_minor_cross, chequers_serial_rivers_micro_e,
          minmay_pentomino_q2
D:2:      layout_basic, grunt_ministairs_1
D:3:      layout_rooms, gammafunk_ghost_nasty_kobolds, minivault_19,
          minmay_misc_feat_room, minmay_shallow_snake_nest, uniq_ijyb
D:4:      layout_loops_ring, nicolae_elyvilon_peaceful_grove,
          ashenzari_conservatory_becter, mainiacjoe_overflow_large_starburst,
          ebering_ghost_inner_flame

Skill      XL: |  1  2  3  4 |
---------------+-------------+-----
Stealth        | 3 5 |  5.0
Dodging        | 3 |  3.0
Spellcasting   | |  3.0
Conjurations   | |  1.9
Summonings     | |  1.9
Translocations | |  1.9

Action                   |  1- 3 |  4- 6 || total
-------------------------+-------+-------++-------
Melee: Dagger            |    26 |    22 ||    48
       Constrict         |     4 |     5 ||     9
       Tentacles         |     3 |     1 ||     4
 Cast: Magic Dart        |    40 |    11 ||    51
       Call Imp          |     3 |     3 ||     6
       Blink             |       |     1 ||     1
 Stab: Sleeping          |     7 |     6 ||    13
Armor: Skin              |     1 |     3 ||     4
Dodge: Dodged            |     9 |    12 ||    21
